 Dungeon Crawl Stone Soup version 0.31-a0-175-g9f7f995f2b (webtiles) character file.

Game seed: 5477270263748463276

2851 ragingrage the Skirmisher (level 9, -14/42 HPs)
             Began as a Vine Stalker Hunter on June 16, 2023.
             Was an Initiate of Hepliaklqana.
             Killed from afar by Erica (32 damage)
             ... with a lance of force
             ... on level 8 of the Dungeon.
             The game lasted 00:08:49 (7034 turns).

ragingrage the Skirmisher (Vine Stalker Hunter)     Turns: 7034, Time: 00:08:50

Health: -14/42     AC:  9    Str: 13    XL:     9   Next: 74%
Magic:  0/10       EV: 13    Int:  9    God:    Hepliaklqana [......]
Gold:   254        SH:  0    Dex: 23    Spells: 8/8 levels left

rFire   + . .        a - +0 shortbow
rCold   + . .        (shield currently unavailable)
rNeg    . . .        c - +0 leather armour
rPois   .            f - +2 hat
rElec   .            E - +2 cloak
rCorr   .            y - +0 pair of gloves
SInv    .            (no boots)
Will    +....        d - amulet of the acrobat
Stlth   +++          s - ring of protection from cold
HPRegen 1.07/turn    r - ring of protection from fire
MPRegen 0.12/turn

%: acrobat, guardian spirit
@: studying Staves
A: fangs 3, regeneration 1, magic shield, antimagic bite, no potion heal 2
a: Renounce Religion


You were on level 8 of the Dungeon.
You worshipped Hepliaklqana.
Hepliaklqana was noncommittal.
You visited 2 branches of the dungeon, and saw 9 of its levels.

You collected 300 gold pieces.
You spent 46 gold pieces at shops.

Inventory:

Hand Weapons
 a - a +0 shortbow (weapon)
 b - a +0 dagger of venom
 G - a +1 short sword of venom
Missiles
 x - 21 poisoned darts
 F - a curare-tipped dart
 H - a throwing net
Armour
 c - a +0 leather armour (worn)
 f - a +2 hat (worn)
 y - a +0 pair of gloves (worn)
 E - a +2 cloak (worn)
Jewellery
 d - an amulet of the acrobat (around neck)
 l - a +6 ring of intelligence
 r - a ring of protection from fire (right hand)
 s - a ring of protection from cold (left hand)
Wands
 o - a wand of paralysis (9)
 z - a wand of polymorph (2)
Scrolls
 e - 3 scrolls of teleportation
 g - 4 scrolls of fog
 k - 2 scrolls of vulnerability
 n - 2 scrolls of brand weapon
 p - a scroll of amnesia
 w - 2 scrolls of fear
 C - a scroll of silence
Potions
 h - 2 potions of lignification
 i - 2 potions of curing
 m - a potion of invisibility {unknown}
 q - a potion of berserk rage {unknown}
 t - a potion of attraction {unknown}
 u - a potion of degeneration {unknown}
 v - a potion of heal wounds {unknown}
 A - a potion of mutation {unknown}
 B - 3 potions of enlightenment {unknown}


   Skills:
 - Level 1.7 Fighting
 + Level 12.0 Ranged Weapons
 - Level 3.0 Dodging
 - Level 3.4 Stealth


You had 8 spell levels left.
You didn't know any spells.
Your spell library contained the following spells:

 Spells                   Type           Power      Damage    Failure   Level
 Magic Dart               Conj           0%         1d3       45%         1
 Sandblast                Erth           0%         2d4       45%         1
 Call Imp                 Summ           0%         N/A       61%         2
 Passwall                 Tmut/Erth      0%         N/A       61%         2
 Mephitic Cloud           Conj/Pois/Air  0%         N/A       83%         3
 Stone Arrow              Conj/Erth      0%         3d7       83%         3


Dungeon Overview and Level Annotations

Branches:
Dungeon (8/15)             Temple (1/1) D:6
   Lair: D:8-11

Altars:
Ashenzari
Cheibriados
Dithmenos
Elyvilon
Gozag
Hepliaklqana
Kikubaaqudgha
Nemelex Xobeh
Okawaru
Qazlal
Ru
Sif Muna
Uskayaw
Vehumet
Wu Jian
Xom
Zin
The Shining One

Shops:
D:2 *   D:5 (   D:7 =[

Annotations:
D:2 1 runed translucent door, Crazy Yiuf, Terence
D:3 3 runed translucent doors, innerfire43's ghost, weakling DsMo
D:5 Menkaure
D:8 Erica


Innate Abilities, Weirdness & Mutations

You have razor-sharp teeth.
Your natural rate of healing is unusually fast.
When hurt, damage is shared between your health and your magic reserves.
Your bite disrupts and absorbs the magic of your enemies.
Potions cannot restore your health.


Message History

Erica looks as sick as possible!
You shoot an arrow. The arrow hits Erica.
Erica is engulfed in poison gas.
Erica looks as sick as possible!
Erica casts a spell at you. The bolt of poison misses you.
You shoot an arrow. The arrow barely misses Erica.
Erica is engulfed in poison gas.
Erica looks as sick as possible!
Erica screams, "I'll never tell where it is!"
Erica hits you with a +1 scimitar of flaming.
You shoot an arrow. The arrow hits Erica.
Erica is engulfed in poison gas.
Erica looks as sick as possible!
Erica hits you with a +1 scimitar of flaming!
Erica burns you.
You are too injured to fight recklessly!
You are too injured to fight recklessly!
Fire: a) +0 shortbow
Press: ? - help, Q - select action, (/) - cycle Shift-Dir - straight line, f/p - Erica
Aim: Erica, wielding a +1 scimitar of flaming and wearing a +0 robe of cold resistance (poison gas, severely wounded, extremely poisoned, 66% to hit)
You shoot an arrow. The arrow barely misses Erica.
Fire: a) +0 shortbow
Press: ? - help, Q - select action, (/) - cycle Shift-Dir - straight line, f/p - Erica
Aim: Erica, wielding a +1 scimitar of flaming and wearing a +0 robe of cold resistance (poison gas, severely wounded, extremely poisoned, 66% to hit)
You shoot an arrow. The arrow hits Erica.
Erica looks as sick as possible!
Erica hits you with a +1 scimitar of flaming!
Erica burns you.
Fire: a) +0 shortbow
Press: ? - help, Q - select action, (/) - cycle Shift-Dir - straight line, f/p - Erica
Aim: Erica, wielding a +1 scimitar of flaming and wearing a +0 robe of cold resistance (severely wounded, extremely poisoned, 66% to hit)
You shoot an arrow. The arrow hits Erica.
Erica hits you with a +1 scimitar of flaming!
Erica burns you.
Fire: a) +0 shortbow
Press: ? - help, Q - select action, (/) - cycle Shift-Dir - straight line, f/p - Erica
Aim: Erica, wielding a +1 scimitar of flaming and wearing a +0 robe of cold resistance (severely wounded, extremely poisoned, 66% to hit)
You shoot an arrow. The arrow hits Erica.
Erica gestures at you while chanting. The lance of force hits you!!!
Ouch! That really hurt!
You die...

####
#○.###
##○☼○°#
##§§§☼#
#.°§○)#
#○○☼.§##
#§°§☼@.#
#☼☼.○@§.#
###.§)°§#
##°°☼☼#
.○☼☼☼#
#.°§○○§
○§○☼°☼..
☼.°.§##.§.


You could see Erica (extremely poisoned).

Vanquished Creatures
  A yak (D:7)
  A wyvern (D:7)
  2 steam dragons (D:7)
  Edmund (D:6)
  A water moccasin (D:6)
  An orc warrior (D:6)
  A sky beast (D:6)
  An ice beast (D:5)
  A black bear (D:6)
  2 ogres (D:6)
  2 centaurs
  2 phantoms
  2 kobold brigands
  A bullfrog (D:7)
  2 gnoll sergeants
  4 scorpions
  4 hounds
  4 jellies
  Ijyb (D:4)
  2 iguanas
  Robin (D:2)
  5 adders
  12 gnolls
  A shadow imp (D:5)
  2 white imps (D:6)
  3 worms
  4 dart slugs
  21 orcs
  11 ball pythons
  10 bats
  9 endoplasms
  7 giant cockroaches
  15 goblins
  11 hobgoblins
  2 jackals (D:5)
  6 quokkas
  4 frilled lizards
  15 kobolds
  5 rats
180 creatures vanquished.

Notes
Turn   | Place    | Note
-------+----------+-------------------------------------------
     0 | D:1      | ragingrage the Vine Stalker Hunter began the quest for the
                  | Orb.
     0 | D:1      | Reached XP level 1. HP: 11/11 MP: 2/2
   110 | D:1      | Reached XP level 2. HP: 15/15 MP: 3/3
   216 | D:1      | Reached skill level 4 in Ranged Weapons
   283 | D:1      | Reached XP level 3. HP: 18/18 MP: 4/4
   483 | D:2      | Found Toucag's Assorted Antiques.
   486 | D:2      | Bought a scroll labelled COUNIGEHYO for 23 gold pieces
   486 | D:2      | Bought a scroll labelled VUBIRE ZAKHLA for 23 gold pieces
   594 | D:2      | Noticed Robin
   631 | D:2      | Killed Robin
   635 | D:2      | Gained mutation: Your natural rate of healing is unusually
                  | fast. [Vine Stalker growth]
   635 | D:2      | Reached XP level 4. HP: 23/23 MP: 5/5
   915 | D:2      | Found an ancient bone altar of Kikubaaqudgha.
   953 | D:2      | Noticed Terence
   996 | D:2      | Found a runed translucent door.
   997 | D:2      | Noticed Crazy Yiuf
  1804 | D:3      | Reached skill level 5 in Ranged Weapons
  2008 | D:3      | Reached XP level 5. HP: 26/26 MP: 6/6
  2116 | D:3      | Found a runed translucent gate.
  2116 | D:3      | Found a runed translucent gate.
  2116 | D:3      | Found a runed translucent gate.
  2119 | D:3      | Noticed innerfire43's ghost (weakling DsMo)
  2121 | D:3      | Identified the +6 whip of Lekkuwn {heavy, rF+ Will+ Dex+2}
  2469 | D:4      | Noticed Ijyb
  2494 | D:4      | Killed Ijyb
  3044 | D:4      | Reached XP level 6. HP: 30/30 MP: 7/7
  3512 | D:5      | Entered Level 5 of the Dungeon
  3608 | D:5      | Reached skill level 6 in Ranged Weapons
  3733 | D:5      | Found Lumenidd's Weapon Shoppe.
  4020 | D:5      | Noticed Menkaure
  4530 | D:6      | Reached XP level 7. HP: 34/34 MP: 6/8
  4547 | D:6      | Noticed Edmund
  4625 | D:6      | Killed Edmund
  4626 | D:6      | Reached skill level 7 in Ranged Weapons
  4742 | D:6      | Reached skill level 8 in Ranged Weapons
  4968 | D:6      | Gained mutation: You have razor-sharp teeth. [Vine Stalker
                  | growth]
  4968 | D:6      | Reached XP level 8. HP: 38/38 MP: 9/9
  5149 | D:6      | Found a staircase to the Ecumenical Temple.
  5155 | Temple   | Entered the Ecumenical Temple
  5155 | Temple   | Found a transporter.
  5155 | Temple   | Found a transporter.
  5157 | Temple   | Found a transporter.
  5157 | Temple   | Found a transporter.
  5195 | Temple   | Became a worshipper of Hepliaklqana the Forgotten
  5312 | D:6      | Reached skill level 9 in Ranged Weapons
  6042 | D:7      | Noticed a wyvern
  6050 | D:7      | Killed a wyvern
  6051 | D:7      | Reached skill level 10 in Ranged Weapons
  6051 | D:7      | Reached XP level 9. HP: 23/42 MP: 4/10
  6157 | D:7      | Noticed a gargoyle
  6375 | D:7      | Reached skill level 11 in Ranged Weapons
  6401 | D:7      | Identified the +0 long sword of Loginacaoc {elec, rElec
                  | Dex+5}
  6441 | D:6      | HP: 1/42 [orc warrior/+0 long sword (6)]
  6921 | D:7      | Found Morry Fahi's Jewellery Boutique.
  6935 | D:7      | Reached skill level 12 in Ranged Weapons
  6957 | D:7      | Found Qibban's Antique Armour Boutique.
  7019 | D:8      | Noticed Erica
  7034 | D:8      | Killed from afar by Erica

Illustrated notes

Levels and vault maps discovered:
D:1:      eino_arrival_cavern_b, layout_rooms, hex_tiny
D:2:      layout_loops_corners, serial_shops, shop, basic_altar,
          kennysheep_big_empty_room, uniq_terence, uniq_robin,
          uniq_crazy_yiuf_cottage
D:3:      minmay_general_purpose_star, layout_basic, biasface_ghost_orc_armoury,
          serial_park_tiny_pond, minmay_joined_circles, uniq_jessica
D:4:      layout_basic, uniq_ijyb
D:5:      layout_cave_pods, serial_shops, nicolae_shop_bloodbath_and_beyond,
          uniq_menkaure
D:6:      layout_cave_pools, minmay_temple_entry_enclosed_plants,
          grunt_ministairs_13, minmay_manual_monolith, uniq_edmund
D:7:      minmay_the_grid_square_5x5_3x3 [minmay_the_grid_square_5x5_tri_point,
          minmay_the_grid_square_5x5_gyroscope,
          minmay_the_grid_square_5x5_pentomino_r,
          minmay_the_grid_square_5x5_inner_v,
          minmay_the_grid_square_5x5_megaprize_checkered,
          minmay_the_grid_square_5x5_fat_x,
          minmay_the_grid_square_5x5_checkered,
          minmay_the_grid_square_5x5_inset,
          minmay_the_grid_square_5x5_moneybag], layout_gridville, serial_shops,
          shop, shop, minmay_misc_feat_columns
D:8:      layout_cave_pools, uniq_maggie, uniq_erica
Temple:   hellmonk_temple_divided_pantheon

Skill      XL: |  1  2  3  4  5  6  7  8  9 |
---------------+----------------------------+-----
Stealth        | 2 3 |  3.4
Ranged Weapons | 4 5 6 8 10 12 | 12.0
Dodging        | 2 3 |  3.0
Fighting       | |  1.7

Action                     |  1- 3 |  4- 6 |  7- 9 || total
---------------------------+-------+-------+-------++-------
  Melee: Unarmed           |       |     6 |     4 ||    10
         Dagger            |       |     5 |     8 ||    13
         Bite              |       |     1 |     4 ||     5
   Fire: Shortbow          |   113 |   243 |   458 ||   814
  Throw: Dart              |       |     2 |    13 ||    15
    Use: Scroll            |       |     1 |    10 ||    11
         Potion            |       |       |     3 ||     3
 Armour: Leather armour    |    11 |    24 |   107 ||   142
         Skin              |       |       |     9 ||     9
  Dodge: Dodged            |    26 |    73 |   239 ||   338

Table legend: (Time is in decaauts)
 A = Elapsed time spent in this place.
 B = Non-inter-level travel time spent in this place.
 C = Inter-level travel time spent in this place.
 D = Time resting spent in this place.
 E = Time spent auto-exploring this place.
 F = Levels seen in this place.
 G = Mean time per level.
                   A        B        C        D        E       F      G
               +--------+--------+--------+--------+--------+-----+--------+
         Total |   7081 |   6779 |    302 |   1449 |   3807 |   9 |  786.8 |
       Dungeon |   7027 |   6732 |    295 |   1449 |   3797 |   8 |  878.4 |
        Temple |     54 |     47 |      7 |      0 |     10 |   1 |   54.0 |
               +--------+--------+--------+--------+--------+-----+--------+

Top non-repeatable levels by time:
     D:6: 1689 daAuts
     D:5: 1314 daAuts
     D:2: 1311 daAuts
     D:4: 1092 daAuts
     D:3: 648 daAuts
     D:1: 517 daAuts
     D:7: 402 daAuts
  Temple: 54 daAuts
     D:8: 49 daAuts
